 Dungeon Crawl Stone Soup version 0.29.1-15-g9cfb28693d (webtiles) character file.

Game seed: 14598378119775628239

65 Heoruswealwe the Magician (level 3, -1/19 HPs)
             Began as a Deep Elf Earth Elementalist on Apr 14, 2023.
             Slain by a gnoll
             ... wielding a +0 whip
             ... led by the fury of Okawaru
              (5 damage)
             ... on level 2 of the Dungeon.
             The game lasted 00:07:46 (1104 turns).

Heoruswealwe the Magician (DEEE)                    Turns: 1104, Time: 00:07:46

Health: -1/19      AC:  5    Str:  5    XL:     3   Next: 92%
Magic:  4/11       EV: 12    Int: 21    God:
Gold:   28         SH:  0    Dex: 15    Spells: 5/11 levels left

rFire   . . .      SeeInvis .   (no weapon)
rCold   . . .      Faith    .   (no shield)
rNeg    . . .      Spirit   .   a - +0 robe
rPois   .          Reflect  .   (no helmet)
rElec   .          Harm     .   (no cloak)
rCorr   .          Rampage  .   (no gloves)
Will    .....                   l - +2 pair of boots {Stlth+}
Stlth   ++........              (no amulet)
HPRegen 0.06/turn               (no ring)
MPRegen 0.12/turn               (no ring)

@: confused
A: no striking features
a: no special abilities


You were on level 2 of the Dungeon.
You visited 1 branch of the dungeon, and saw 2 of its levels.

You collected 28 gold pieces.

Inventory:

Armour
 a - a +0 robe (worn)
 e - a +0 robe
 h - a +0 robe
 l - a +2 pair of boots of stealth (worn)
 m - a +0 robe
Scrolls
 c - a scroll of enchant weapon {unknown}
 d - a scroll of vulnerability {unknown}
 f - 3 scrolls of amnesia {unknown}
 j - a scroll of immolation {unknown}
 k - 2 scrolls of teleportation {unknown}
 n - a scroll of identify {unknown}
Potions
 b - a potion of magic
 g - 2 potions of brilliance {unknown}
 i - a potion of curing {unknown}


   Skills:
 - Level 2.4 Dodging
 - Level 2.4 Stealth
 + Level 4.6 Spellcasting
 - Level 1.1 Transmutations
 + Level 4.4 Earth Magic


You had 5 spell levels left.
You knew the following spells:

 Your Spells              Type           Power      Damage    Failure   Level
a - Sandblast             Erth           46%        2d11      1%          1
b - Stone Arrow           Conj/Erth      28%        3d8       14%         3
z - Passwall              Tmut/Erth      13%        N/A       5%          2

Your spell library contained the following spells:

 Spells                   Type           Power      Damage    Failure   Level
 Apportation              Tloc           8%         N/A       12%         1
 Necrotise                Necr           16%        1d4       12%         1
 Summon Small Mammal      Summ           16%        N/A       12%         1
 Petrify                  Tmut/Erth      16%        N/A       34%         4


Dungeon Overview and Level Annotations

Branches:
Dungeon (2/15)

Altars:
Okawaru


Message History

You kill the orc!
The blast of sand misses the ball python.
The ball python bites you but does no damage.
The ball python closely misses you.
The ball python bites you but does no damage.
The ball python closely misses you.
The ball python attacks as you move away!
The ball python bites you. The ball python closely misses you.
The ball python attacks as you move away!
The ball python barely misses you. The ball python barely misses you.
The ball python grabs you. The ball python constricts you.
The blast of sand hits the ball python!
You kill the ball python!
Things that are here:
a +0 short sword; a kobold corpse You see here a +0 short sword.
n - a scroll labelled ALAONW EMUM You see here a hobgoblin corpse.
Found a stone staircase leading down.
Found a stone staircase leading up.
Found a stone staircase leading up.
Okawaru sends forces against you! The divine experience confuses you!
You are confused.
A gnoll sergeant and 5 gnolls come into view.
The gnoll shouts!
You're too confused to move!
The gnoll throws a throwing net.
The throwing net barely misses you.
The throwing net hits the gnoll.
The gnoll is caught in the net!
The throwing net disappears in a puff of smoke!
The gnoll hits you but does no damage.
The gnoll hits you from afar with a +0 spear.
The gnoll sergeant hits you with a +0 spear!
Ouch! That really hurt!
* * * LOW HITPOINT WARNING * * *
You are too confused!
The gnoll sergeant attacks as you move away!
The gnoll sergeant barely misses you. The gnoll attacks as you move away!
The gnoll hits you with a +0 whip.
You die...

#........#.##....#......#
##.............####......
#######†#........##.#
....###
#.......#......#.##.#
..#.. #.......#.....g..#
#.......#........
#.......####...#
#.......## #g..###
#........###g@.g.#
#.........##gg.#+#
#...>...#......#
#.......###....#
######.........#
........<.# ......######
#......# #.....<#


You could see a gnoll sergeant and 5 gnolls.

Vanquished Creatures
  2 adders (D:2)
  A worm (D:2)
  4 dart slugs
  An orc (D:2)
  4 endoplasms
  A giant cockroach (D:1)
  2 hobgoblins (D:2)
  4 jackals (D:1)
  2 kobolds (D:2)
  A quokka (D:1)
  4 ball pythons
  3 bats
  3 goblins (D:1)
  A rat (D:2)
33 creatures vanquished.

Notes
Turn   | Place    | Note
-------+----------+-------------------------------------------
     0 | D:1      | Heoruswealwe the Deep Elf Earth Elementalist began the
                  | quest for the Orb.
     0 | D:1      | Reached XP level 1. HP: 10/10 MP: 6/6
    48 | D:1      | Found a faded altar of an unknown god.
   399 | D:1      | Reached XP level 2. HP: 15/15 MP: 5/8
   402 | D:1      | Learned a level 2 spell: Passwall
   497 | D:1      | Prayed at the altar of an unknown god.
   497 | D:1      | Became a worshipper of Warmaster Okawaru
   497 | D:1      | Reached * piety under Okawaru
   498 | D:1      | Fell from the grace of Okawaru
   978 | D:2      | Reached XP level 3. HP: 19/19 MP: 6/10
   983 | D:2      | Learned a level 3 spell: Stone Arrow
  1102 | D:2      | Noticed a gnoll sergeant
  1104 | D:2      | Slain by a gnoll

Illustrated notes

Levels and vault maps discovered:
D:1:      minmay_arrival_diagonal_passages, layout_basic,
          ebering_ecumenical_altar_ruins
D:2:      minmay_chambers_of_twos, layout_rooms, serial_park_tiny_1

Skill      XL: |  1  2 |
---------------+-------+-----
Spellcasting   | 4 |  4.6
Earth Magic    | 4 |  4.4
Dodging        | |  2.4
Stealth        | |  2.4
Transmutations | |  1.1

Action                   || total
-------------------------++-------
 Cast: Sandblast         ||    45
       Passwall          ||     1
Invok: Renounce Religion ||     1
Armor: Robe              ||     3
Dodge: Dodged            ||    19
